 Dungeon Crawl Stone Soup version 0.30.0-29-ga12c61a403 (webtiles) character file.

Game seed: 5127070807838613286

11 seaoflcl the Covered (level 2, -1/24 HPs)
             Began as a Human Fighter on June 5, 2023.
             Slain by a gnoll
             ... wielding a +0 spear
              (4 damage)
             ... on level 1 of the Dungeon.
             The game lasted 00:00:37 (201 turns).

seaoflcl the Covered (Human Fighter)                 Turns: 201, Time: 00:00:38

Health: -1/24      AC:  6    Str: 16    XL:     2   Next: 35%
Magic:  2/2        EV:  8    Int:  8    God:
Gold:   67         SH:  4    Dex: 12    Spells: 1/1 levels left

rFire   . . .        a - +0 long sword
rCold   . . .        c - +0 buckler
rNeg    . . .        b - +0 scale mail
rPois   .            (no helmet)
rElec   .            (no cloak)
rCorr   .            (no gloves)
SInv    .            (no boots)
Will    .....        (no amulet) Stlth
                     (no ring)
HPRegen 0.24/turn    (no ring)
MPRegen 0.08/turn

%: no passive effects
@: mighty
A: no striking features
a: no special abilities


You were on level 1 of the Dungeon.
You visited 1 branch of the dungeon, and saw 1 of its levels.

You collected 67 gold pieces.

Inventory:

Hand Weapons
 a - a +0 long sword (weapon)
Armour
 b - a +0 scale mail (worn)
 c - a +0 buckler (worn)
Potions
 e - 2 potions of curing {unknown}
 f - a potion of mutation {unknown}


   Skills:
 + Level 3.1 Fighting
 * Level 2.3 Long Blades
 + Level 3.1 Armour
 + Level 3.1 Shields


You had one spell level left.
You didn't know any spells.
Your spell library was empty.

Dungeon Overview and Level Annotations

Branches:
Dungeon (1/15)

Altars:
Xom


Message History

You now have 67 gold pieces (gained 10).
Found a stone staircase leading down.
f - a sedimented puce potion
Found a hand axe.
A sourceless malevolence fills the Dungeon... and a teleportation trap spontaneously manifests!
You are yanked towards some nearby monsters!
Your surroundings suddenly seem different.
A gnoll, a goblin and a dart slug come into view.
The gnoll shouts!
The goblin shouts!
There are monsters nearby!
The gnoll hits you with a +0 spear.
The dart slug briefly extends its eye-stalks.
You closely miss the gnoll. The gnoll hits you with a +0 spear.
The gnoll hits you with a +0 spear!
* * * LOW HITPOINT WARNING * * *
You are too injured to fight recklessly!
You are too injured to fight recklessly!
You are too injured to fight recklessly!
You are too injured to fight recklessly!
You are too injured to fight recklessly!
You are too injured to fight recklessly!
You are too injured to fight recklessly!
You are too injured to fight recklessly!
You are too injured to fight recklessly!
You are too injured to fight recklessly!
You are too injured to fight recklessly!
The gnoll hits you from afar with a +0 spear.
* * * LOW HITPOINT WARNING * * *
You open the door.
The dart slug bites you but does no damage.
The gnoll hits you but does no damage. The goblin hits you with a +0 dagger.
* * * LOW HITPOINT WARNING * * *
You block the goblin's attack.
There is an open door here.
Found 14 gold pieces.
The goblin attacks as you move away! The goblin barely misses you.
You feel very mighty all of a sudden. The goblin hits you but does no damage.
The gnoll hits you from afar with a +0 spear.
You die...

......## #.#
.......# #.#
......# #.#
#....# #.#
#....# #$#
#....# #.#
#####....###.#
#........wgg@#
#.###....#####
#.......g..#
#....##....#
#.#### ...+ #.
..# #. +# #.


You could see a gnoll, a dart slug and a goblin.

Vanquished Creatures
  2 bats (D:1)
  An endoplasm (D:1)
  A hobgoblin (D:1)
  2 jackals (D:1)
  A quokka (D:1)
  2 rats (D:1)
9 creatures vanquished.

Notes
Turn   | Place    | Note
-------+----------+-------------------------------------------
     0 | D:1      | seaoflcl the Human Fighter began the quest for the Orb.
     0 | D:1      | Reached XP level 1. HP: 18/18 MP: 1/1
   117 | D:1      | Found a shimmering altar of Xom.
   123 | D:1      | Reached XP level 2. HP: 20/24 MP: 2/2
   201 | D:1      | Slain by a gnoll

Illustrated notes

Levels and vault maps discovered:
D:1:      onia_arrival_mini_maze, layout_basic, minmay_hexomino_r4

Action                     || total
---------------------------++-------
  Melee: Long sword        ||    19
    Use: Potion            ||     1
 Armour: Scale mail        ||    16
  Dodge: Dodged            ||     8
  Block: Buckler           ||     4
